Havana Tropicals vs Orlando Solar Bears
Created - Monday, March 13, 2023 at 09:23
Goals
|
| Havana Tropicals |
1 |
2 |
3 |
6 |
| Orlando Solar Bears |
1 |
0 |
2 |
3 |
|
Shots
|
| Havana Tropicals |
9 |
16 |
8 |
33 |
| Orlando Solar Bears |
8 |
5 |
8 |
21 |
|
1st period
1. Orlando Solar Bears , Jason Dickinson 1 (Morgan Frost 1, Max Gildon 1) at 18:25
2. Havana Tropicals , Zach Aston-Reese 1 (Chris Tierney 1, Teddy Blueger 1) at 18:31
Penalties :
Artemi Kniazev (OSB) for High sticking (Minor) at 12:00
2nd period
3. Havana Tropicals , Pierre-Edouard Bellemare 1 (Timothy Liljegren 1, Milan Lucic 1) at 0:30
4. Havana Tropicals , Emil Bemstrom 1 (Timothy Liljegren 2) at 12:33
Penalties :
Teddy Blueger (HAV) for Close Hand On Puck (Minor) at 4:20, Sammy Blais (HAV) for Interference (Minor) at 7:32, Jarred Tinordi (OSB) for Hooking (Minor) at 13:07, Isaak Phillips (OSB) for Roughing (Minor) at 16:58
3rd period
5. Havana Tropicals , Chris Tierney 1 (Teddy Blueger 2, Zach Aston-Reese 1) at 5:35
6. Havana Tropicals , Sammy Blais 1 (Pierre-Edouard Bellemare 1) at 6:10
7. Havana Tropicals , Zach Aston-Reese 2 (Teddy Blueger 3) at 7:10 (PP)
8. Orlando Solar Bears , Jarred Tinordi 1 (Jamieson Rees 1, Victor Soderstrom 1) at 15:33 (PP)
9. Orlando Solar Bears , John Leonard 1 (Alex Turcotte 1) at 16:28
Penalties :
Victor Soderstrom (OSB) for Fighting (Major) at 6:17, Robert Bortuzzo (HAV) for Fighting (Major) at 6:17, Samuel Fagemo (OSB) for Fighting (Major) at 7:02, Pierre-Edouard Bellemare (HAV) for Fighting (Major) at 7:02, Samuel Fagemo (OSB) for instigated a fight (Minor) at 7:02, Samuel Fagemo (OSB) for instigated a fight (10 Minutes Misconduct) at 7:02, Milan Lucic (HAV) for Holding (Minor) at 15:23
Goalie Stats
Eric Comrie (HAV), 18 saves from 21 shots - (0.857), W, 1-0-0, 60:00 minutes
Filip Gustavsson (OSB), 27 saves from 33 shots - (0.818), L, 0-1-0, 60:00 minutes
Players Stats for Havana Tropicals
Player Name G A P +/- PIM S H SB GA TA FO MP PP MP PK MP
------------------------------------------------------------------------------------
Alexander Nylander 0 0 0 -1 0 1 2 0 0 0 0/0 10:00 0:18 0:00
Chris Tierney 1 1 2 2 0 6 2 0 1 1 2/2 19:35 2:38 0:29
Dean Kukan 0 0 0 2 0 0 1 1 0 0 0/0 18:53 2:10 1:27
Dennis Cholowski 0 0 0 0 0 0 1 0 0 0 0/0 15:53 0:00 0:00
Emil Bemstrom 1 0 1 0 0 6 1 0 1 1 1/2 11:31 0:37 0:00
Henrik Borgstrom 0 0 0 -1 0 0 0 0 1 0 3/8 11:12 0:18 0:50
Milan Lucic 0 1 1 2 2 3 1 0 0 0 0/0 15:54 2:50 0:00
Nolan Foote 0 0 0 -1 0 2 1 0 0 1 0/0 9:33 0:00 0:00
Pavel Dorofeyev 0 0 0 0 0 1 1 0 0 0 1/3 12:23 0:00 1:39
Philipp Kurashev 0 0 0 0 0 1 2 0 0 0 0/4 11:46 0:32 0:00
Pierre-Edouard Bellemare 1 1 2 2 5 1 2 0 0 1 4/6 17:07 2:50 2:31
Robert Bortuzzo 0 0 0 1 5 2 0 1 0 0 0/0 23:18 3:47 2:41
Sammy Blais 1 0 1 2 2 2 2 0 1 0 0/0 15:55 2:50 0:00
Teddy Blueger 0 3 3 2 2 3 1 0 0 1 19/30 20:22 2:44 1:12
Timothy Liljegren 0 2 2 2 0 1 1 0 1 0 0/0 19:02 2:10 1:27
Tucker Poolman 0 0 0 0 0 0 1 1 1 2 0/0 17:16 0:08 0:00
Zach Aston-Reese 2 1 3 2 0 3 3 0 0 0 1/2 20:30 2:38 1:35
Zach Whitecloud 0 0 0 1 0 1 2 0 0 2 0/0 25:37 3:55 2:41
Players Stats for Orlando Solar Bears
Player Name G A P +/- PIM S H SB GA TA FO MP PP MP PK MP
------------------------------------------------------------------------------------
Adam Beckman 0 0 0 1 0 1 3 0 1 1 0/0 11:23 0:13 0:00
Alex Turcotte 0 1 1 1 0 0 2 0 0 0 3/5 11:25 0:00 0:19
Artemi Kniazev 0 0 0 -2 2 2 0 2 0 0 0/0 20:26 1:21 1:41
Donovan Sebrango 0 0 0 1 0 0 1 0 0 2 0/0 16:38 0:00 2:52
Isaak Phillips 0 0 0 -2 2 0 3 0 0 0 0/0 20:01 1:21 1:41
Jamieson Rees 0 1 1 -1 0 1 0 1 0 1 3/4 10:42 0:26 0:00
Jarred Tinordi 1 0 1 -2 2 2 4 1 0 0 0/0 24:23 2:47 2:35
Jason Dickinson 1 0 1 -1 0 4 2 1 1 0 3/10 22:56 2:18 2:47
John Leonard 1 0 1 1 0 2 2 2 1 0 0/0 14:37 1:37 1:37
Jordan Martinook 0 0 0 -1 0 2 1 0 1 1 1/2 21:52 2:28 1:17
Linus Weissbach 0 0 0 -1 0 0 1 1 1 0 0/0 10:03 0:00 1:22
Martin Pospisil 0 0 0 -1 0 1 2 0 0 0 0/0 8:35 0:00 0:00
Max Gildon 0 1 1 1 0 0 2 2 0 0 0/0 15:48 0:00 0:00
Morgan Frost 0 1 1 -1 0 3 0 0 1 0 14/27 19:37 0:00 1:37
Philip Tomasino 0 0 0 -2 0 1 2 0 1 1 2/8 17:03 1:37 3:11
Samuel Fagemo 0 0 0 -2 17 1 2 0 0 0 0/1 11:03 2:08 0:00
Valtteri Puustinen 0 0 0 -2 0 0 4 0 1 0 0/0 13:52 1:37 0:00
Victor Soderstrom 0 1 1 -2 5 1 2 1 1 0 0/0 23:26 2:47 3:21
3 Stars
1 - Zach Aston-Reese (HAV)
2 - Chris Tierney (HAV)
3 - Teddy Blueger (HAV)
Power Play
Havana Tropicals - 1 on 4 Attempt(s) - 25.00%
Orlando Solar Bears - 1 on 3 Attempt(s) - 33.33%
Penalty Kill
Havana Tropicals - 2 on 3 Attempt(s) - 66.67%
- Score 0 goal in Penalty Kill
Orlando Solar Bears - 3 on 4 Attempt(s) - 75.00%
- Score 0 goal in Penalty Kill
Team Stat
Havana Tropicals - Hits : 24 - Faceoff Wins : 31 - Blocked Shots : 3 - Penalty Minutes : 16
Orlando Solar Bears - Hits : 33 - Faceoff Wins : 26 - Blocked Shots : 11 - Penalty Minutes : 28
Official
Referees : Francois StLaurent and Ghislain Hebert
Linesman : Bryan Pancich and Trent Knorr
Game Notes
Victor Soderstrom and Robert Bortuzzo fight to a draw at 6:17 of 3rd period
Samuel Fagemo beats up Pierre-Edouard Bellemare at 7:02 of 3rd period
Havana Tropicals
5 vs 5 Forward
Center Left Wing Right Wing Time % Phy DF OF
1 Teddy Blueger Chris Tierney Zach Aston-Reese 40 1 2 2
2 Pierre-Edouard Bellemare Milan Lucic Sammy Blais 30 1 2 2
3 Philipp Kurashev Emil Bemstrom Pavel Dorofeyev 20 1 2 2
4 Henrik Borgstrom Nolan Foote Alexander Nylander 10 1 2 2
5 vs 5 Defense
Defense Defense Time % Phy DF OF
1 Zach Whitecloud Robert Bortuzzo 40 1 2 2
2 Timothy Liljegren Dean Kukan 30 1 2 2
3 Tucker Poolman Dennis Cholowski 20 1 2 2
4 Zach Whitecloud Robert Bortuzzo 10 1 2 2
PowerPlay Forward
Center Left Wing Right Wing Time % Phy DF OF
1 Teddy Blueger Chris Tierney Zach Aston-Reese 60 1 2 2
2 Pierre-Edouard Bellemare Milan Lucic Sammy Blais 40 1 2 2
PowerPlay Defense
Defense Defense Time % Phy DF OF
1 Zach Whitecloud Robert Bortuzzo 60 1 2 2
2 Timothy Liljegren Dean Kukan 40 1 2 2
Penalty Kill 4 Players Forward
Center Wing Time % Phy DF OF
1 Teddy Blueger Pierre-Edouard Bellemare 60 1 2 2
2 Chris Tierney Zach Aston-Reese 40 1 2 2
Penalty Kill 4 Players Defense
Defense Defense Time % Phy DF OF
1 Zach Whitecloud Robert Bortuzzo 60 1 2 2
2 Timothy Liljegren Dean Kukan 40 1 2 2
Penalty Kill - 3 Players Forward
Forward Time % Phy DF OF
1 Teddy Blueger 60 1 2 2
2 Pierre-Edouard Bellemare 40 1 2 2
Penalty Kill - 3 Players Defense
Defense Defense Time % Phy DF OF
1 Zach Whitecloud Robert Bortuzzo 60 1 2 2
2 Timothy Liljegren Dean Kukan 40 1 2 2
4 vs 4 Forward
Center Wing Time % Phy DF OF
1 Teddy Blueger Pierre-Edouard Bellemare 60 1 2 2
2 Chris Tierney Zach Aston-Reese 40 1 2 2
4 vs 4 Defense
Defense Defense Time % Phy DF OF
1 Zach Whitecloud Robert Bortuzzo 60 1 2 2
2 Timothy Liljegren Dean Kukan 40 1 2 2
Last Minutes Offensive
Center Left Wing Right Wing Defense Defense
Teddy Blueger Chris Tierney Zach Aston-Reese Zach Whitecloud Robert Bortuzzo
Last Minutes Defensive
Center Left Wing Right Wing Defense Defense
Teddy Blueger Chris Tierney Zach Aston-Reese Zach Whitecloud Robert Bortuzzo
Goaltenders
Starting : Eric Comrie
Backup : Arvid Soderblom
Extra Forwards
Normal : Philipp Kurashev, Emil Bemstrom, Pavel Dorofeyev - PP : Philipp Kurashev, Emil Bemstrom - PK : Pavel Dorofeyev
Extra Defensemen
Normal : Tucker Poolman, Dennis Cholowski, Timothy Liljegren - PP : Tucker Poolman - PK : Dennis Cholowski, Timothy Liljegren
Penalty Shots
Teddy Blueger, Pierre-Edouard Bellemare, Chris Tierney, Zach Aston-Reese, Milan Lucic
Orlando Solar Bears
5 vs 5 Forward
Center Left Wing Right Wing Time % Phy DF OF
1 Morgan Frost Jason Dickinson Jordan Martinook 40 1 2 2
2 Philip Tomasino Samuel Fagemo Valtteri Puustinen 30 1 2 2
3 Alex Turcotte Adam Beckman John Leonard 20 1 2 2
4 Jamieson Rees Linus Weissbach Martin Pospisil 10 1 2 2
5 vs 5 Defense
Defense Defense Time % Phy DF OF
1 Victor Soderstrom Jarred Tinordi 40 1 2 2
2 Isaak Phillips Artemi Kniazev 35 1 2 2
3 Max Gildon Donovan Sebrango 25 1 2 2
4 Victor Soderstrom Jarred Tinordi 0 1 2 2
PowerPlay Forward
Center Left Wing Right Wing Time % Phy DF OF
1 Jason Dickinson Jordan Martinook Samuel Fagemo 60 1 2 2
2 Philip Tomasino John Leonard Valtteri Puustinen 40 1 2 2
PowerPlay Defense
Defense Defense Time % Phy DF OF
1 Victor Soderstrom Jarred Tinordi 60 1 2 2
2 Isaak Phillips Artemi Kniazev 40 1 2 2
Penalty Kill 4 Players Forward
Center Wing Time % Phy DF OF
1 Jason Dickinson Philip Tomasino 60 1 2 2
2 Morgan Frost Jordan Martinook 40 1 2 2
Penalty Kill 4 Players Defense
Defense Defense Time % Phy DF OF
1 Victor Soderstrom Jarred Tinordi 60 1 2 2
2 Isaak Phillips Artemi Kniazev 40 1 2 2
Penalty Kill - 3 Players Forward
Forward Time % Phy DF OF
1 Jason Dickinson 60 1 2 2
2 Philip Tomasino 40 1 2 2
Penalty Kill - 3 Players Defense
Defense Defense Time % Phy DF OF
1 Victor Soderstrom Jarred Tinordi 60 1 2 2
2 Isaak Phillips Artemi Kniazev 40 1 2 2
4 vs 4 Forward
Center Wing Time % Phy DF OF
1 Jason Dickinson Philip Tomasino 60 1 2 2
2 Morgan Frost Jordan Martinook 40 1 2 2
4 vs 4 Defense
Defense Defense Time % Phy DF OF
1 Victor Soderstrom Jarred Tinordi 60 1 2 2
2 Isaak Phillips Artemi Kniazev 40 1 2 2
Last Minutes Offensive
Center Left Wing Right Wing Defense Defense
Jason Dickinson Jordan Martinook Samuel Fagemo Victor Soderstrom Jarred Tinordi
Last Minutes Defensive
Center Left Wing Right Wing Defense Defense
Jason Dickinson Jordan Martinook Samuel Fagemo Victor Soderstrom Jarred Tinordi
Goaltenders
Starting : Filip Gustavsson
Backup : Felix Sandstrom
Extra Forwards
Normal : Jamieson Rees, Adam Beckman, Linus Weissbach - PP : Jamieson Rees, Adam Beckman - PK : Linus Weissbach
Extra Defensemen
Normal : Max Gildon, Donovan Sebrango, Isaak Phillips - PP : Max Gildon - PK : Donovan Sebrango, Isaak Phillips
Penalty Shots
Jason Dickinson, Philip Tomasino, Morgan Frost, Jordan Martinook, Samuel Fagemo
% Time on Ice - Havana Tropicals
Lines # - Real PCT - Wanted PCT - Time Play
Normal Forward
1 - 33% - 40% - 16:36
2 - 26% - 30% - 13:06
3 - 21% - 20% - 10:32
4 - 19% - 10% - 9:33
Normal Defense
1 - 39% - 40% - 19:23
2 - 30% - 30% - 14:46
3 - 29% - 20% - 14:32
4 - 2% - 10% - 1:06
PP Forward
1 - 53% - 60% - 3:15
2 - 47% - 40% - 2:50
PP Defense
1 - 64% - 60% - 3:55
2 - 36% - 40% - 2:10
PK Forward
1 - 89% - 60% - 3:40
2 - 11% - 40% - 0:28
PK Defense
1 - 65% - 60% - 2:41
2 - 35% - 40% - 1:27
PK3 Forward
1 - 0% - 60%
2 - 0% - 40%
PK3 Defense
1 - 0% - 60%
2 - 0% - 40%
44 Forward
1 - 0% - 60%
2 - 0% - 40%
44 Defense
1 - 0% - 60%
2 - 0% - 40%
Last Minute Offensive - 0:00
Last Minute Defensive - 0:00
Total
Forward - 60:00
Defense - 60:00
|
% Time on Ice - Orlando Solar Bears
Lines # - Real PCT - Wanted PCT - Time Play
Normal Forward
1 - 36% - 40% - 18:06
2 - 26% - 30% - 13:00
3 - 21% - 20% - 10:31
4 - 16% - 10% - 8:10
Normal Defense
1 - 42% - 40% - 20:45
2 - 35% - 35% - 17:34
3 - 23% - 25% - 11:28
4 - 0% - 0% - 0:00
PP Forward
1 - 61% - 60% - 2:31
2 - 39% - 40% - 1:37
PP Defense
1 - 67% - 60% - 2:47
2 - 33% - 40% - 1:21
PK Forward
1 - 79% - 60% - 4:48
2 - 21% - 40% - 1:17
PK Defense
1 - 57% - 60% - 3:29
2 - 43% - 40% - 2:36
PK3 Forward
1 - 0% - 60%
2 - 0% - 40%
PK3 Defense
1 - 0% - 60%
2 - 0% - 40%
44 Forward
1 - 0% - 60%
2 - 0% - 40%
44 Defense
1 - 0% - 60%
2 - 0% - 40%
Last Minute Offensive - 0:00
Last Minute Defensive - 0:00
Total
Forward - 60:00
Defense - 60:00
|
Play-by-Play
1st period
0:01 of 1st period - Morgan Frost wins face-off versus Teddy Blueger in neutral zone.
0:26 of 1st period - Pierre-Edouard Bellemare is hit by Victor Soderstrom and loses puck.
0:31 of 1st period - Wrist shot by Samuel Fagemo.
0:31 of 1st period - Shot Misses the Net.
0:33 of 1st period - Slapshot by Artemi Kniazev.
0:33 of 1st period - Stopped by Eric Comrie without a rebound.
0:34 of 1st period - Alex Turcotte wins face-off versus Philipp Kurashev in Havana Tropicals zone.
0:43 of 1st period - Wrist shot by Pavel Dorofeyev.
0:43 of 1st period - Shot Blocked by Artemi Kniazev.
0:45 of 1st period - Slapshot by Timothy Liljegren.
0:45 of 1st period - Shot Misses the Net.
0:47 of 1st period - Snap shot by Philipp Kurashev.
0:47 of 1st period - Stopped by Filip Gustavsson with a rebound.
1:13 of 1st period - Artemi Kniazev is hit by Alexander Nylander and loses puck.
1:50 of 1st period - Slapshot by Pierre-Edouard Bellemare.
1:50 of 1st period - Shot Blocked by Artemi Kniazev.
1:52 of 1st period - Slapshot by Zach Whitecloud.
1:52 of 1st period - Stopped by Filip Gustavsson with a rebound.
3:01 of 1st period - Snap shot by Jordan Martinook.
3:01 of 1st period - Shot Misses the Net.
3:03 of 1st period - Slapshot by Jason Dickinson.
3:03 of 1st period - Stopped by Eric Comrie with a rebound.
3:05 of 1st period - Snap shot by Morgan Frost.
3:05 of 1st period - Stopped by Eric Comrie with a rebound.
3:28 of 1st period - Philipp Kurashev is hit by Max Gildon and loses puck.
3:43 of 1st period - Slapshot by Chris Tierney.
3:43 of 1st period - Shot Misses the Net.
3:45 of 1st period - Slapshot by Chris Tierney.
3:45 of 1st period - Shot Misses the Net.
4:03 of 1st period - Wrist shot by Sammy Blais.
4:03 of 1st period - Stopped by Filip Gustavsson without a rebound.
4:04 of 1st period - Pierre-Edouard Bellemare wins face-off versus Morgan Frost in Orlando Solar Bears zone.
4:29 of 1st period - Dean Kukan is hit by Victor Soderstrom and loses puck.
4:54 of 1st period - Snap shot by Samuel Fagemo.
4:54 of 1st period - Shot Misses the Net.
5:28 of 1st period - Victor Soderstrom is hit by Pierre-Edouard Bellemare and loses puck.
5:39 of 1st period - Slapshot by Morgan Frost.
5:39 of 1st period - Shot Misses the Net.
6:07 of 1st period - Off-side.
6:08 of 1st period - Philip Tomasino wins face-off versus Emil Bemstrom in neutral zone.
6:11 of 1st period - Zach Whitecloud is hit by Valtteri Puustinen and loses puck.
6:16 of 1st period - Wrist shot by Philip Tomasino.
6:16 of 1st period - Stopped by Eric Comrie without a rebound.
6:17 of 1st period - Teddy Blueger wins face-off versus Jason Dickinson in Havana Tropicals zone.
6:46 of 1st period - Philip Tomasino is hit by Pierre-Edouard Bellemare and loses puck.
7:17 of 1st period - Snap shot by Pavel Dorofeyev.
7:17 of 1st period - Shot Misses the Net.
7:33 of 1st period - Wrist shot by Henrik Borgstrom.
7:33 of 1st period - Shot Blocked by Max Gildon.
8:27 of 1st period - Pierre-Edouard Bellemare is hit by Adam Beckman and loses puck.
8:36 of 1st period - Slapshot by Adam Beckman.
8:36 of 1st period - Deflect By John Leonard.
8:36 of 1st period - Stopped by Eric Comrie with a rebound.
8:38 of 1st period - Snap shot by Alex Turcotte.
8:38 of 1st period - Shot Blocked by Tucker Poolman.
9:40 of 1st period - Dennis Cholowski is hit by Valtteri Puustinen and loses puck.
10:17 of 1st period - Snap shot by Chris Tierney.
10:17 of 1st period - Shot Misses the Net.
10:29 of 1st period - Emil Bemstrom is hit by Samuel Fagemo and loses puck.
10:50 of 1st period - Robert Bortuzzo is hit by Isaak Phillips.
10:54 of 1st period - Martin Pospisil is hit by Philipp Kurashev and loses puck.
11:05 of 1st period - Martin Pospisil is hit by Emil Bemstrom and loses puck.
11:12 of 1st period - Wrist shot by Emil Bemstrom.
11:12 of 1st period - Stopped by Filip Gustavsson with a rebound.
11:14 of 1st period - Slapshot by Robert Bortuzzo.
11:14 of 1st period - Stopped by Filip Gustavsson without a rebound.
11:15 of 1st period - Chris Tierney wins face-off versus Morgan Frost in Orlando Solar Bears zone.
11:16 of 1st period - Snap shot by Teddy Blueger.
11:16 of 1st period - Stopped by Filip Gustavsson with a rebound.
11:18 of 1st period - Slapshot by Dean Kukan.
11:18 of 1st period - Shot Blocked by Victor Soderstrom.
11:32 of 1st period - Timothy Liljegren is hit by Jarred Tinordi and loses puck.
11:49 of 1st period - Valtteri Puustinen is hit by Dean Kukan and loses puck.
12:00 of 1st period - Minor Penalty to Artemi Kniazev for High sticking.
12:01 of 1st period - Jason Dickinson wins face-off versus Teddy Blueger in Orlando Solar Bears zone.
12:01 of 1st period - Jason Dickinson is hit by Teddy Blueger.
12:11 of 1st period - Zach Whitecloud is hit by Jason Dickinson and loses puck.
13:16 of 1st period - Milan Lucic is hit by Linus Weissbach and loses puck.
13:51 of 1st period - Sammy Blais is hit by Jordan Martinook and loses puck.
14:00 of 1st period - Penalty to Artemi Kniazev is over, Artemi Kniazev is back on ice.
14:42 of 1st period - Tucker Poolman is hit by John Leonard and loses puck.
14:55 of 1st period - Dean Kukan is hit by Martin Pospisil and loses puck.
15:46 of 1st period - Samuel Fagemo is hit by Sammy Blais and loses puck.
16:28 of 1st period - Sammy Blais is hit by Alex Turcotte and loses puck.
16:48 of 1st period - Icing by Tucker Poolman.
16:49 of 1st period - Jamieson Rees wins face-off versus Henrik Borgstrom in Havana Tropicals zone.
17:16 of 1st period - Zach Aston-Reese is hit by Jarred Tinordi and loses puck.
17:45 of 1st period - Wrist shot by Sammy Blais.
17:45 of 1st period - Deflect By Milan Lucic.
17:45 of 1st period - Stopped by Filip Gustavsson with a rebound.
18:04 of 1st period - Philipp Kurashev is hit by Philip Tomasino and loses puck.
18:12 of 1st period - Icing by Dean Kukan.
18:13 of 1st period - Morgan Frost wins face-off versus Henrik Borgstrom in Havana Tropicals zone.
18:23 of 1st period - Snap shot by Morgan Frost.
18:23 of 1st period - Stopped by Eric Comrie with a rebound.
18:25 of 1st period - Snap shot by Jason Dickinson.
18:25 of 1st period - Goal by Jason Dickinson - Havana Tropicals : 0 - Orlando Solar Bears : 1.
18:26 of 1st period - Teddy Blueger wins face-off versus Morgan Frost in neutral zone.
18:29 of 1st period - Wrist shot by Chris Tierney.
18:29 of 1st period - Shot Misses the Net.
18:31 of 1st period - Snap shot by Zach Aston-Reese.
18:31 of 1st period - Goal by Zach Aston-Reese - Havana Tropicals : 1 - Orlando Solar Bears : 1.
18:32 of 1st period - Morgan Frost wins face-off versus Teddy Blueger in neutral zone.
19:03 of 1st period - Snap shot by Philip Tomasino.
19:03 of 1st period - Shot Misses the Net.
19:05 of 1st period - Snap shot by Samuel Fagemo.
19:05 of 1st period - Stopped by Eric Comrie with a rebound.
19:27 of 1st period - Zach Whitecloud is hit by Adam Beckman and loses puck.
19:39 of 1st period - Off-side.
19:40 of 1st period - Zach Aston-Reese wins face-off versus Jamieson Rees in neutral zone.
19:45 of 1st period - Wrist shot by Teddy Blueger.
19:45 of 1st period - Shot Blocked by Jamieson Rees.
19:47 of 1st period - Snap shot by Dean Kukan.
19:47 of 1st period - Deflect By Zach Aston-Reese.
19:47 of 1st period - Stopped by Filip Gustavsson without a rebound.
19:48 of 1st period - Morgan Frost wins face-off versus Teddy Blueger in Orlando Solar Bears zone.
19:53 of 1st period - Snap shot by Chris Tierney.
19:53 of 1st period - Shot Blocked by Jason Dickinson.
Goals for this period are 1 for Havana Tropicals vs 1 for Orlando Solar Bears.
Shots for this period are 9 for Havana Tropicals vs 8 for Orlando Solar Bears.
2nd period
0:01 of 2nd period - Teddy Blueger wins face-off versus Morgan Frost in neutral zone.
0:16 of 2nd period - Snap shot by Chris Tierney.
0:16 of 2nd period - Stopped by Filip Gustavsson with a rebound.
0:19 of 2nd period - Icing by Jarred Tinordi.
0:20 of 2nd period - Morgan Frost wins face-off versus Pierre-Edouard Bellemare in Orlando Solar Bears zone.
0:22 of 2nd period - Icing by Jason Dickinson.
0:23 of 2nd period - Pierre-Edouard Bellemare wins face-off versus Morgan Frost in Orlando Solar Bears zone.
0:24 of 2nd period - Wrist shot by Sammy Blais.
0:24 of 2nd period - Shot Misses the Net.
0:26 of 2nd period - Snap shot by Dean Kukan.
0:26 of 2nd period - Deflect By Milan Lucic.
0:26 of 2nd period - Stopped by Filip Gustavsson with a rebound.
0:28 of 2nd period - Slapshot by Timothy Liljegren.
0:28 of 2nd period - Shot Misses the Net.
0:30 of 2nd period - Snap shot by Pierre-Edouard Bellemare.
0:30 of 2nd period - Goal by Pierre-Edouard Bellemare - Havana Tropicals : 2 - Orlando Solar Bears : 1.
0:31 of 2nd period - Morgan Frost wins face-off versus Teddy Blueger in neutral zone.
0:56 of 2nd period - Philip Tomasino is hit by Sammy Blais and loses puck.
1:19 of 2nd period - Snap shot by Pavel Dorofeyev.
1:19 of 2nd period - Stopped by Filip Gustavsson with a rebound.
1:49 of 2nd period - Snap shot by Morgan Frost.
1:49 of 2nd period - Stopped by Eric Comrie without a rebound.
1:50 of 2nd period - Teddy Blueger wins face-off versus Philip Tomasino in Havana Tropicals zone.
4:03 of 2nd period - Slapshot by Robert Bortuzzo.
4:03 of 2nd period - Stopped by Filip Gustavsson without a rebound.
4:04 of 2nd period - Henrik Borgstrom wins face-off versus Philip Tomasino in Orlando Solar Bears zone.
4:15 of 2nd period - Snap shot by Valtteri Puustinen.
4:15 of 2nd period - Shot Misses the Net.
4:17 of 2nd period - Slapshot by Isaak Phillips.
4:17 of 2nd period - Deflect By Philip Tomasino.
4:17 of 2nd period - Shot Misses the Net.
4:17 of 2nd period - Puck is out of play.
4:18 of 2nd period - Teddy Blueger wins face-off versus Philip Tomasino in Havana Tropicals zone.
4:20 of 2nd period - Minor Penalty to Teddy Blueger for Close Hand On Puck.
4:21 of 2nd period - Pavel Dorofeyev wins face-off versus Samuel Fagemo in Havana Tropicals zone.
4:35 of 2nd period - Slapshot by Jason Dickinson.
4:35 of 2nd period - Stopped by Eric Comrie without a rebound.
4:36 of 2nd period - Jason Dickinson wins face-off versus Pavel Dorofeyev in Havana Tropicals zone.
4:37 of 2nd period - Snap shot by Jordan Martinook.
4:37 of 2nd period - Shot Misses the Net.
4:39 of 2nd period - Slapshot by Jarred Tinordi.
4:39 of 2nd period - Stopped by Eric Comrie without a rebound.
4:40 of 2nd period - Jason Dickinson wins face-off versus Pavel Dorofeyev in Havana Tropicals zone.
5:04 of 2nd period - Off-side.
5:05 of 2nd period - Henrik Borgstrom wins face-off versus Philip Tomasino in neutral zone.
5:28 of 2nd period - Pierre-Edouard Bellemare is hit by Jason Dickinson and loses puck.
6:20 of 2nd period - Penalty to Teddy Blueger is over, Teddy Blueger is back on ice.
6:35 of 2nd period - Snap shot by Emil Bemstrom.
6:35 of 2nd period - Stopped by Filip Gustavsson without a rebound.
6:36 of 2nd period - Jamieson Rees wins face-off versus Philipp Kurashev in Orlando Solar Bears zone.
6:59 of 2nd period - Chris Tierney is hit by John Leonard and loses puck.
7:27 of 2nd period - Slapshot by Morgan Frost.
7:27 of 2nd period - Shot Misses the Net.
7:29 of 2nd period - Slapshot by Jason Dickinson.
7:29 of 2nd period - Deflect By Alexander Nylander.
7:29 of 2nd period - Shot Misses the Net.
7:29 of 2nd period - Puck is out of play.
7:30 of 2nd period - Philip Tomasino wins face-off versus Pierre-Edouard Bellemare in Havana Tropicals zone.
7:32 of 2nd period - Minor Penalty to Sammy Blais for Interference.
7:33 of 2nd period - Teddy Blueger wins face-off versus Jason Dickinson in Havana Tropicals zone.
8:39 of 2nd period - Timothy Liljegren is hit by Philip Tomasino and loses puck.
9:32 of 2nd period - Penalty to Sammy Blais is over, Sammy Blais is back on ice.
9:41 of 2nd period - Nolan Foote is hit by Valtteri Puustinen and loses puck.
10:10 of 2nd period - Wrist shot by Adam Beckman.
10:10 of 2nd period - Shot Misses the Net.
10:12 of 2nd period - Slapshot by Isaak Phillips.
10:12 of 2nd period - Shot Misses the Net.
11:16 of 2nd period - Robert Bortuzzo is hit by Martin Pospisil.
11:20 of 2nd period - Pierre-Edouard Bellemare is hit by Max Gildon and loses puck.
11:57 of 2nd period - Teddy Blueger is hit by Jarred Tinordi and loses puck.
12:33 of 2nd period - Snap shot by Emil Bemstrom.
12:33 of 2nd period - Goal by Emil Bemstrom - Havana Tropicals : 3 - Orlando Solar Bears : 1.
12:34 of 2nd period - Morgan Frost wins face-off versus Teddy Blueger in neutral zone.
12:45 of 2nd period - Snap shot by Chris Tierney.
12:45 of 2nd period - Stopped by Filip Gustavsson without a rebound.
12:46 of 2nd period - Teddy Blueger wins face-off versus Morgan Frost in Orlando Solar Bears zone.
12:47 of 2nd period - Snap shot by Chris Tierney.
12:47 of 2nd period - Stopped by Filip Gustavsson with a rebound.
12:49 of 2nd period - Snap shot by Teddy Blueger.
12:49 of 2nd period - Shot Misses the Net.
12:51 of 2nd period - Backhand shot by Zach Aston-Reese.
12:51 of 2nd period - Shot Misses the Net.
12:53 of 2nd period - Snap shot by Teddy Blueger.
12:53 of 2nd period - Shot Misses the Net.
12:55 of 2nd period - Wrist shot by Teddy Blueger.
12:55 of 2nd period - Shot Misses the Net.
13:07 of 2nd period - Minor Penalty to Jarred Tinordi for Hooking.
13:08 of 2nd period - Teddy Blueger wins face-off versus Jason Dickinson in Orlando Solar Bears zone.
13:19 of 2nd period - Snap shot by Teddy Blueger.
13:19 of 2nd period - Shot Misses the Net.
14:41 of 2nd period - Pierre-Edouard Bellemare is hit by Donovan Sebrango and loses puck.
14:52 of 2nd period - Jason Dickinson is hit by Chris Tierney and loses puck.
15:07 of 2nd period - Penalty to Jarred Tinordi is over, Jarred Tinordi is back on ice.
15:37 of 2nd period - Off-side.
15:38 of 2nd period - Henrik Borgstrom wins face-off versus Alex Turcotte in neutral zone.
15:49 of 2nd period - Snap shot by Alex Turcotte.
15:49 of 2nd period - Shot Misses the Net.
15:51 of 2nd period - Backhand shot by Adam Beckman.
15:51 of 2nd period - Stopped by Eric Comrie without a rebound.
15:52 of 2nd period - Teddy Blueger wins face-off versus Morgan Frost in Havana Tropicals zone.
16:00 of 2nd period - Icing by Jordan Martinook.
16:01 of 2nd period - Teddy Blueger wins face-off versus Jason Dickinson in Orlando Solar Bears zone.
16:02 of 2nd period - Wrist shot by Chris Tierney.
16:02 of 2nd period - Stopped by Filip Gustavsson with a rebound.
16:20 of 2nd period - Snap shot by Teddy Blueger.
16:20 of 2nd period - Shot Misses the Net.
16:26 of 2nd period - Artemi Kniazev is hit by Zach Aston-Reese and loses puck.
16:41 of 2nd period - Snap shot by Chris Tierney.
16:41 of 2nd period - Stopped by Filip Gustavsson with a rebound.
16:58 of 2nd period - Minor Penalty to Isaak Phillips for Roughing.
16:59 of 2nd period - Pierre-Edouard Bellemare wins face-off versus Jason Dickinson in Orlando Solar Bears zone.
18:47 of 2nd period - Snap shot by Emil Bemstrom.
18:47 of 2nd period - Stopped by Filip Gustavsson without a rebound.
18:48 of 2nd period - Emil Bemstrom wins face-off versus Alex Turcotte in Orlando Solar Bears zone.
18:55 of 2nd period - Snap shot by Emil Bemstrom.
18:55 of 2nd period - Stopped by Filip Gustavsson with a rebound.
18:57 of 2nd period - Slapshot by Timothy Liljegren.
18:57 of 2nd period - Stopped by Filip Gustavsson with a rebound.
18:58 of 2nd period - Penalty to Isaak Phillips is over, Isaak Phillips is back on ice.
18:59 of 2nd period - Slapshot by Alexander Nylander.
18:59 of 2nd period - Stopped by Filip Gustavsson with a rebound.
19:01 of 2nd period - Backhand shot by Emil Bemstrom.
19:01 of 2nd period - Stopped by Filip Gustavsson with a rebound.
19:03 of 2nd period - Wrist shot by Henrik Borgstrom.
19:03 of 2nd period - Shot Blocked by Jarred Tinordi.
19:34 of 2nd period - Dennis Cholowski is hit by Samuel Fagemo.
19:48 of 2nd period - Snap shot by Jordan Martinook.
19:48 of 2nd period - Shot Misses the Net.
19:50 of 2nd period - Wrist shot by Morgan Frost.
19:50 of 2nd period - Shot Misses the Net.
19:52 of 2nd period - Slapshot by Victor Soderstrom.
19:52 of 2nd period - Stopped by Eric Comrie with a rebound.
Goals for this period are 2 for Havana Tropicals vs 0 for Orlando Solar Bears.
Shots for this period are 16 for Havana Tropicals vs 5 for Orlando Solar Bears.
3rd period
0:01 of 3rd period - Morgan Frost wins face-off versus Teddy Blueger in neutral zone.
0:31 of 3rd period - Valtteri Puustinen is hit by Timothy Liljegren.
0:49 of 3rd period - Slapshot by Martin Pospisil.
0:49 of 3rd period - Stopped by Eric Comrie with a rebound.
1:03 of 3rd period - Jamieson Rees is hit by Milan Lucic and loses puck.
1:30 of 3rd period - Slapshot by Artemi Kniazev.
1:30 of 3rd period - Stopped by Eric Comrie with a rebound.
2:00 of 3rd period - Snap shot by Milan Lucic.
2:00 of 3rd period - Stopped by Filip Gustavsson without a rebound.
2:01 of 3rd period - Teddy Blueger wins face-off versus Morgan Frost in Orlando Solar Bears zone.
2:12 of 3rd period - Snap shot by Zach Aston-Reese.
2:12 of 3rd period - Shot Misses the Net.
2:26 of 3rd period - Victor Soderstrom is hit by Zach Whitecloud.
2:48 of 3rd period - Wrist shot by Henrik Borgstrom.
2:48 of 3rd period - Shot Misses the Net.
3:13 of 3rd period - Jordan Martinook is hit by Dennis Cholowski and loses puck.
3:28 of 3rd period - Emil Bemstrom is hit by Isaak Phillips and loses puck.
4:02 of 3rd period - Henrik Borgstrom is hit by Alex Turcotte and loses puck.
4:28 of 3rd period - Icing by Martin Pospisil.
4:29 of 3rd period - Jamieson Rees wins face-off versus Henrik Borgstrom in Orlando Solar Bears zone.
4:34 of 3rd period - Wrist shot by Alexander Nylander.
4:34 of 3rd period - Shot Blocked by Linus Weissbach.
4:36 of 3rd period - Snap shot by Nolan Foote.
4:36 of 3rd period - Stopped by Filip Gustavsson without a rebound.
4:37 of 3rd period - Morgan Frost wins face-off versus Henrik Borgstrom in Orlando Solar Bears zone.
5:03 of 3rd period - Snap shot by Nolan Foote.
5:03 of 3rd period - Shot Misses the Net.
5:23 of 3rd period - Snap shot by Nolan Foote.
5:23 of 3rd period - Stopped by Filip Gustavsson without a rebound.
5:24 of 3rd period - Teddy Blueger wins face-off versus Philip Tomasino in Orlando Solar Bears zone.
5:35 of 3rd period - Snap shot by Chris Tierney.
5:35 of 3rd period - Goal by Chris Tierney - Havana Tropicals : 4 - Orlando Solar Bears : 1.
5:36 of 3rd period - Chris Tierney wins face-off versus Morgan Frost in neutral zone.
5:39 of 3rd period - Jason Dickinson is hit by Chris Tierney.
5:51 of 3rd period - Slapshot by Jason Dickinson.
5:51 of 3rd period - Stopped by Eric Comrie with a rebound.
6:04 of 3rd period - Off-side.
6:05 of 3rd period - Pierre-Edouard Bellemare wins face-off versus Philip Tomasino in neutral zone.
6:10 of 3rd period - Slapshot by Sammy Blais.
6:10 of 3rd period - Goal by Sammy Blais - Havana Tropicals : 5 - Orlando Solar Bears : 1.
6:11 of 3rd period - Jordan Martinook wins face-off versus Teddy Blueger in neutral zone.
6:17 of 3rd period - Victor Soderstrom and Robert Bortuzzo fight to a draw.
6:17 of 3rd period - Penalty to Victor Soderstrom for Fighting.
6:17 of 3rd period - Penalty to Robert Bortuzzo for Fighting.
6:18 of 3rd period - Teddy Blueger wins face-off versus Morgan Frost in Havana Tropicals zone.
6:25 of 3rd period - Wrist shot by Teddy Blueger.
6:25 of 3rd period - Stopped by Filip Gustavsson with a rebound.
6:27 of 3rd period - Slapshot by Teddy Blueger.
6:27 of 3rd period - Shot Misses the Net.
6:29 of 3rd period - Wrist shot by Teddy Blueger.
6:29 of 3rd period - Stopped by Filip Gustavsson without a rebound.
6:30 of 3rd period - Morgan Frost wins face-off versus Zach Aston-Reese in Orlando Solar Bears zone.
6:56 of 3rd period - Milan Lucic is hit by Valtteri Puustinen and loses puck.
7:02 of 3rd period - Samuel Fagemo beats up Pierre-Edouard Bellemare.
7:02 of 3rd period - Penalty to Samuel Fagemo for Fighting.
7:02 of 3rd period - Penalty to Pierre-Edouard Bellemare for Fighting.
7:02 of 3rd period - Penalty to Samuel Fagemo for instigated a fight.
7:02 of 3rd period - Penalty to Samuel Fagemo for instigated a fight.
7:03 of 3rd period - Teddy Blueger wins face-off versus Jason Dickinson in neutral zone.
7:10 of 3rd period - Wrist shot by Zach Aston-Reese.
7:10 of 3rd period - Goal by Zach Aston-Reese - Havana Tropicals : 6 - Orlando Solar Bears : 1.
7:11 of 3rd period - Morgan Frost wins face-off versus Teddy Blueger in neutral zone.
7:26 of 3rd period - Snap shot by Chris Tierney.
7:26 of 3rd period - Shot Misses the Net.
8:42 of 3rd period - Jamieson Rees is hit by Zach Whitecloud and loses puck.
9:22 of 3rd period - Philipp Kurashev is hit by Jarred Tinordi and loses puck.
9:29 of 3rd period - Wrist shot by Martin Pospisil.
9:29 of 3rd period - Shot Misses the Net.
9:52 of 3rd period - Adam Beckman is hit by Zach Aston-Reese and loses puck.
10:29 of 3rd period - Isaak Phillips is hit by Tucker Poolman and loses puck.
11:33 of 3rd period - Philip Tomasino is hit by Zach Aston-Reese and loses puck.
12:03 of 3rd period - Jordan Martinook is hit by Alexander Nylander and loses puck.
12:30 of 3rd period - Artemi Kniazev is hit by Pavel Dorofeyev and loses puck.
12:39 of 3rd period - John Leonard is hit by Philipp Kurashev and loses puck.
13:07 of 3rd period - Max Gildon is hit by Nolan Foote and loses puck.
13:19 of 3rd period - Icing by Alexander Nylander.
13:20 of 3rd period - Morgan Frost wins face-off versus Henrik Borgstrom in Havana Tropicals zone.
13:21 of 3rd period - Snap shot by Jordan Martinook.
13:21 of 3rd period - Stopped by Eric Comrie without a rebound.
13:22 of 3rd period - Morgan Frost wins face-off versus Teddy Blueger in Havana Tropicals zone.
13:31 of 3rd period - Snap shot by Morgan Frost.
13:31 of 3rd period - Shot Misses the Net.
14:05 of 3rd period - Icing by Victor Soderstrom.
14:06 of 3rd period - Alex Turcotte wins face-off versus Philipp Kurashev in Orlando Solar Bears zone.
15:23 of 3rd period - Minor Penalty to Milan Lucic for Holding.
15:24 of 3rd period - Teddy Blueger wins face-off versus Jason Dickinson in Havana Tropicals zone.
15:29 of 3rd period - Snap shot by Jordan Martinook.
15:29 of 3rd period - Shot Blocked by Robert Bortuzzo.
15:31 of 3rd period - Slapshot by Victor Soderstrom.
15:31 of 3rd period - Deflect By Jamieson Rees.
15:31 of 3rd period - Stopped by Eric Comrie with a rebound.
15:33 of 3rd period - Slapshot by Jarred Tinordi.
15:33 of 3rd period - Goal by Jarred Tinordi - Havana Tropicals : 6 - Orlando Solar Bears : 2.
15:34 of 3rd period - Teddy Blueger wins face-off versus Morgan Frost in neutral zone.
15:41 of 3rd period - Wrist shot by Teddy Blueger.
15:41 of 3rd period - Shot Blocked by Max Gildon.
16:24 of 3rd period - Slapshot by Adam Beckman.
16:24 of 3rd period - Deflect By Pavel Dorofeyev.
16:24 of 3rd period - Shot Blocked by Dean Kukan.
16:24 of 3rd period - Puck is out of play.
16:25 of 3rd period - Alex Turcotte wins face-off versus Philipp Kurashev in Havana Tropicals zone.
16:28 of 3rd period - Snap shot by John Leonard.
16:28 of 3rd period - Goal by John Leonard - Havana Tropicals : 6 - Orlando Solar Bears : 3.
16:29 of 3rd period - Teddy Blueger wins face-off versus Morgan Frost in neutral zone.
16:39 of 3rd period - Snap shot by Jordan Martinook.
16:39 of 3rd period - Stopped by Eric Comrie without a rebound.
16:40 of 3rd period - Teddy Blueger wins face-off versus Morgan Frost in Havana Tropicals zone.
16:40 of 3rd period - Teddy Blueger is hit by Isaak Phillips.
17:30 of 3rd period - Slapshot by Emil Bemstrom.
17:30 of 3rd period - Shot Blocked by John Leonard.
17:32 of 3rd period - Slapshot by Zach Whitecloud.
17:32 of 3rd period - Shot Blocked by John Leonard.
18:08 of 3rd period - Off-side.
18:09 of 3rd period - Morgan Frost wins face-off versus Teddy Blueger in neutral zone.
18:49 of 3rd period - Pierre-Edouard Bellemare is hit by Adam Beckman and loses puck.
18:56 of 3rd period - Wrist shot by Dennis Cholowski.
18:56 of 3rd period - Shot Misses the Net.
19:33 of 3rd period - Off-side.
19:34 of 3rd period - Teddy Blueger wins face-off versus Jordan Martinook in neutral zone.
Goals for this period are 3 for Havana Tropicals vs 2 for Orlando Solar Bears.
Shots for this period are 8 for Havana Tropicals vs 8 for Orlando Solar Bears.
Back to the Top